 Dungeon Sprint DCSS version 0.19.5 (webtiles) character file.

16302 equalderp2856 the Eviscerator (level 12, -2/59 HPs)
             Began as a Felid Fighter on Mar 13, 2017.
             Was a High Priest of Nemelex Xobeh.
             Slain by an entropy weaver (8 damage)
             ... in the Dungeon (Sprint IX: "|||||||||||||||||||||||||||||").
             The game lasted 00:30:24 (7888 turns).

equalderp2856 the Eviscerator (Felid Fighter)       Turns: 7888, Time: 00:30:26

Health: -2/59      AC: -9    Str: 18    XL:     12   Next: 8%
Magic:  23/23      EV: 32    Int: 12    God:    Nemelex Xobeh [*****.]
Gold:   890        SH:  0    Dex: 17    Spells: 5 memorised, 4 levels left
                                        Lives:  0   Deaths: 2

rFire  . . .     SeeInvis +       - Unarmed
rCold  + . .     Gourm    .     (armour unavailable)
rNeg   . . .     Faith    .     (shield unavailable)
rPois  .         Spirit   .     (helmet unavailable)
rElec  .         Reflect  .     (cloak unavailable)
rCorr  .         Harm     .     (gloves unavailable)
MR     +....     NoTele   +     (boots unavailable)
Stlth  +++++++...               (no amulet)
                                (no ring)
                                (no ring)

@: mighty, corroded, quick
A: no armour, no weapons or thrown items, stealth, claws 1, fangs 3, see
invisible, carnivore 3, speed 1, shaggy fur 3, slow metabolism 1, sharp paws
a: Triple Draw, Deal Four, Stack Five, Renounce Religion


You were in the Dungeon.
You worshipped Nemelex Xobeh.
Nemelex Xobeh was extremely pleased with you.
You were not hungry.

You visited 1 branch You collected 1924 gold pieces.
You spent 1034 gold pieces at shops.

Inventory:

Jewellery
 n - a +2 ring of protection
 o - a +3 ring of intelligence
 r - an uncursed ring of fire
 F - an uncursed ring of protection from magic
 G - a +3 ring of strength
 H - an uncursed ring of protection from magic
Wands
 m - a wand of lightning (0/15)
 x - a wand of slowing (32/48)
 C - a wand of slowing (20/48)
Scrolls
 k - 4 scrolls of remove curse
 l - 2 scrolls of amnesia
 s - 4 scrolls of identify
 t - 2 scrolls of recharging
 u - 3 scrolls of fear
 v - 3 scrolls of fog
Potions
 a - 2 potions of might
 c - 3 potions of curing
 e - a potion of haste
 f - 4 potions of magic
 g - a potion of berserk rage
 j - a potion of invisibility
Books
 z - a book of Minor Magic

   Spells                             Type                      Level
   a - Magic Dart                     Conjuration                  1
   b - Blink                          Translocation                2
   c - Call Imp                       Summoning                    2
   d - Repel Missiles                 Charms/Air                   2
   e - Slow                           Hexes                        2
   f - Conjure Flame                  Conjuration/Fire             3
   g - Mephitic Cloud                 Conjuration/Poison/Air       3
 A - a book of Misfortune

   Spells                             Type                      Level
   a - Confusing Touch                Hexes                        1
   b - Confuse                        Hexes                        3
   c - Gell's Gravitas                Hexes/Translocation          3
   d - Petrify                        Transmutation/Earth          4
   e - Metabolic Englaciation         Hexes/Ice                    5
   f - Yara's Violent Unravelling     Hexes/Transmutation          5
 B - a book of Power

   Spells                             Type                      Level
   a - Fulminant Prism                Conjuration/Hexes            4
   b - Iskenderun's Mystic Blast      Conjuration                  4
   c - Venom Bolt                     Conjuration/Poison           5
   d - Bolt of Magma                  Conjuration/Fire/Earth       5
   e - Iron Shot                      Conjuration/Earth            6
   f - Orb of Destruction             Conjuration                  7
   g - Spellforged Servitor           Conjuration/Summoning        7
Miscellaneous
 i - an ornate deck of escape {drawn: 2}
 p - an ornate deck of escape
Comestibles
 b - 12 meat rations


   Skills:
 + Level 10.6 Fighting
 + Level 17.1 Dodging
 + Level 17.1 Stealth
 + Level 23.1 Unarmed Combat
 + Level 1.1 Spellcasting
 + Level 1.6 Summonings
 + Level 13.3 Invocations
 + Level 5.2 Evocations


You had 4 spell levels left.
You knew the following spells:

 Your Spells              Type           Power        Failure   Level  Hunger
a - Confusing Touch       Hex            #.....       34%         1    ##.....
b - Blink                 Tloc           N/A          52%         2    ###....
c - Call Imp              Summ           #.......     28%         2    ###....
d - Repel Missiles        Chrm/Air       #.....       52%         2    ###....
e - Slow                  Hex            #.......     52%         2    ###....


Dungeon Overview and Level Annotations

Branches:
Dungeon (1/1)

Altars:
Cheibriados
Dithmenos
Elyvilon
Fedhas
Gozag
Hepliaklqana
Kikubaaqudgha
Makhleb
Nemelex Xobeh
Okawaru
Qazlal
Ru
Sif Muna
Trog
Uskayaw
Vehumet
Xom
Yredelemnul
Zin
The Shining One
Beogh
Jiyva
Lugonu

Shops:
D }*:(


Innate Abilities, Weirdness & Mutations

You cannot wear armour.
You are incapable of wielding weapons or throwing items.
Your paws allow you to move quietly. (Stealth)
You have sharp claws.
You have razor-sharp teeth.
You have supernaturally acute eyesight. (SInv)
You are carnivorous and can eat meat at any time.
You cover ground quickly.
Your thick and shaggy fur keeps you warm. (AC +3, rC+)
You have a slow metabolism.
Your sharp claws are effective at attacking unaware monsters.


Message History

The entropy weaver completely misses you.
The entropy weaver misses you. x2; The entropy weaver closely misses you.
You feel better.
The entropy weaver mumbles some strange words.
The entropic weave corrodes you!
You feel very mighty all of a sudden.
The entropy weaver completely misses you.
The entropy weaver hits you. x2; The entropy weaver hits you!
* * * LOW HITPOINT WARNING * * *
You feel better. The entropy weaver barely misses you.
The entropy weaver misses you. The entropy weaver hits you!
* * * LOW HITPOINT WARNING * * *
The entropy weaver closely misses you.
You feel better.
The entropy weaver completely misses you.
The entropy weaver hits you.
* * * LOW HITPOINT WARNING * * *
The entropy weaver hits you!
You die...
Your body glows with a rainbow of weird colours and disappears.

,,,,,,,,,,,,,,,,,,,,,,,,,,,,,,,,,
*********************************
+,,,,,,,,,,,,,,,,,,+,,,,,,,,,,,,,
*********************************
,,,,,,,,,,,,,,,,,,,,,,,,,,,,,,,,,
▓▓▓▓▓▓▓▓▓▓▓▓♣♣♣♣♣♣♣♣♣♣▓▓▓▓▓▓▓▓▓▓▓
.(......)..'...s.)...†(((..((a(((
▓▓▓▓▓▓▓▓▓▓▓▓♣♣♣♣♣♣♣♣♣♣▓▓▓▓▓▓▓▓▓▓▓
..(.....).......@as.((......(....
▓▓▓▓▓▓▓▓▓▓▓▓▓▓▓▓▓▓▓▓▓▓▓▓▓▓▓▓▓▓▓▓▓
.....)[[[[[[[.))))))))...=.'.....
▓▓▓▓▓▓▓▓▓▓▓▓▓▓▓▓▓▓▓▓▓▓▓▓▓▓▓▓▓▓▓▓▓
..........).[....................
▓▓▓▓▓▓▓▓▓▓▓▓▓▓▓▓▓▓▓▓▓▓▓▓▓▓▓▓▓▓▓▓▓
.......[))........)))))'.))))....
▓▓▓▓▓▓▓▓▓▓▓▓▓▓▓▓▓▓▓▓▓▓▓▓▓▓▓▓▓▓▓▓▓
.........))......................


You could see an entropy weaver and a wolf spider.

Vanquished Creatures
  Saint Roka (D)
  A nagaraja (D)
  A ghost moth (D)
  A very ugly thing (D)
  A rakshasa (D)
  Harold (D)
  3 hydras (D)
  A naga warrior (D)
  A ghost crab (D)
  A naga sharpshooter (D)
  Nergalle (D)
  An orc knight (D)
  2 harpies (D)
  2 wolf spiders (D)
  2 manticores (D)
  4 orc sorcerers (D)
  A faun (shapeshifter) (D)
  A black mamba (D)
  A water nymph (D)
  An elephant (D)
  A spiny frog (D)
  A kobold demonologist (D)
  An efreet (D)
  2 merfolk (D)
  2 polar bears (D)
  A bog body (D)
  A blink frog (D)
  2 hippogriffs (D)
  A tarantella (D)
  A redback (D)
  3 yaks (D)
  Grum (D)
  Eustachio (D)
  A basilisk (D)
  2 insubstantial wisps (D)
  A naga (D)
  A warg (D)
  2 water moccasins (D)
  6 black bears (D)
  5 orc warriors (D)
  A swamp drake (D)
  3 wolves (D)
  2 crocodiles (D)
  A gnoll sergeant (D)
  2 bullfrogs (D)
  2 wights (D)
  A crimson imp (D)
  A jelly (D)
  A gnoll shaman (D)
  4 orc priests (D)
  13 orc wizards (D)
  A worker ant (D)
  2 shadow imps (D)
  5 orcs (D)
  A bat zombie (D)
  A giant cockroach (D)
  A hobgoblin (D)
  A jackal (D)
  3 bats (D)
  A frilled lizard (D)
  A giant cockroach zombie (D)
  A rat (D)
113 creatures vanquished.

Vanquished Creatures (collateral kills)
  A frost giant (D)
  An entropy weaver (D)
  A very ugly thing (D)
  A merfolk javelineer (D)
  A hydra (D)
  An ice dragon (D)
  A shambling mangrove (D)
  2 orc knights (D)
  A water nymph (D)
  A spiny frog (D)
  A yaktaur (D)
  A komodo dragon (D)
  2 trolls (D)
  2 hornets (D)
  A blink frog (D)
  A tyrant leech (D)
  A snapping turtle (D)
  A vampire mosquito (D)
  A porcupine (D)
  4 orc warriors (D)
  A crocodile (D)
  An orc priest (D)
  An orc wizard (D)
  3 orcs (D)
32 creatures vanquished.

Vanquished Creatures (others)
  A stone giant (D)
  A ghost crab (shapeshifter) (D)
  A blink frog (D)
  An orc wizard (D)
4 creatures vanquished.

Grand Total: 149 creatures vanquished

Notes
Turn   | Place    | Note
-------+----------+-------------------------------------------
     0 | D        | equalderp2856 the Felid Fighter began the quest for the Orb.
     0 | D        | Reached XP level 1. HP: 10/10 MP: 2/2
   110 | D        | Reached skill level 5 in Dodging
   110 | D        | Reached skill level 5 in Unarmed Combat
   110 | D        | Reached XP level 2. HP: 11/14 MP: 3/3
   179 | D        | Found a roughly hewn altar of Beogh.
   179 | D        | Found a snail-covered altar of Cheibriados.
   179 | D        | Found a shadowy altar of Dithmenos.
   179 | D        | Found a white marble altar of Elyvilon.
   179 | D        | Found a blossoming altar of Fedhas.
   179 | D        | Found an opulent altar of Gozag.
   180 | D        | Found a hazy altar of Hepliaklqana.
   181 | D        | Found a viscous altar of Jiyva.
   182 | D        | Found an ancient bone altar of Kikubaaqudgha.
   183 | D        | Found a corrupted altar of Lugonu.
   184 | D        | Found a burning altar of Makhleb.
   185 | D        | Found a sparkling altar of Nemelex Xobeh.
   186 | D        | Found an iron altar of Okawaru.
   187 | D        | Found a stormy altar of Qazlal.
   188 | D        | Found a sacrificial altar of Ru.
   189 | D        | Found a deep blue altar of Sif Muna.
   190 | D        | Found a bloodstained altar of Trog.
   191 | D        | Found a hide-covered altar of Uskayaw.
   192 | D        | Found a radiant altar of Vehumet.
   193 | D        | Found a shimmering altar of Xom.
   194 | D        | Found a basalt altar of Yredelemnul.
   211 | D        | Became a worshipper of Nemelex Xobeh the Trickster
   216 | D        | Found a glowing silver altar of Zin.
   217 | D        | Found a glowing golden altar of the Shining One.
   219 | D        | Received a gift from Nemelex Xobeh
   247 | D        | Noticed a gnoll sergeant
   253 | D        | Reached skill level 6 in Unarmed Combat
   270 | D        | Reached skill level 7 in Unarmed Combat
   270 | D        | Reached XP level 3. HP: 8/18 MP: 4/4
   272 | D        | Reached skill level 1 in Stealth
   272 | D        | Reached XP level 4. HP: 10/22 MP: 5/5
   273 | D        | Killed a gnoll sergeant
   273 | D        | Reached skill level 5 in Fighting
   273 | D        | Reached skill level 8 in Unarmed Combat
   273 | D        | Reached XP level 5. HP: 12/26 MP: 6/6
   453 | D        | Noticed a manticore
   453 | D        | Noticed a yak
   464 | D        | Reached skill level 9 in Unarmed Combat
   474 | D        | Killed a yak
   474 | D        | Reached skill level 10 in Unarmed Combat
   474 | D        | Reached skill level 1 in Evocations
   474 | D        | Gained mutation: You are covered in thick fur. (AC +2) [Felid growth]
   474 | D        | Reached XP level 6. HP: 9/31 MP: 6/8
   475 | D        | Killed a manticore
   475 | D        | Reached skill level 10 in Dodging
   475 | D        | Reached skill level 12 in Unarmed Combat
   475 | D        | Reached XP level 7. HP: 11/36 MP: 6/10
   818 | D        | Reached * piety under Nemelex Xobeh
   848 | D        | Received a gift from Nemelex Xobeh
   862 | D        | Noticed Eustachio
   869 | D        | Killed Eustachio
   899 | D        | Received a gift from Nemelex Xobeh
   906 | D        | Reached ** piety under Nemelex Xobeh
   929 | D        | Noticed a hippogriff
   929 | D        | Noticed a komodo dragon
   929 | D        | Noticed a spiny frog
   999 | D        | Killed a spiny frog
   999 | D        | Reached skill level 5 in Stealth
   999 | D        | Reached skill level 13 in Unarmed Combat
   999 | D        | Reached XP level 8. HP: 40/40 MP: 11/11
  1023 | D        | Reached skill level 1 in Invocations
  1053 | D        | Killed a komodo dragon
  1094 | D        | Killed a hippogriff
  1094 | D        | Reached skill level 14 in Unarmed Combat
  1268 | D        | Noticed an elephant
  1269 | D        | Noticed a spiny frog
  1473 | D        | Killed an elephant
  1473 | D        | Reached XP level 9. HP: 41/45 MP: 11/13
  1481 | D        | Killed a spiny frog
  1481 | D        | Reached skill level 15 in Unarmed Combat
  1495 | D        | Noticed a five-headed hydra
  1521 | D        | Noticed an entropy weaver
  1521 | D        | a five-headed hydra changed into an entropy weaver
  1529 | D        | Killed an entropy weaver
  1533 | D        | Reached skill level 16 in Unarmed Combat
  1533 | D        | Reached skill level 5 in Evocations
  1729 | D        | Reached XP level 10. HP: 38/49 MP: 14/14
  1812 | D        | Reached skill level 17 in Unarmed Combat
  1823 | D        | Reached skill level 10 in Stealth
  1939 | D        | Received a gift from Nemelex Xobeh
  1961 | D        | Reached *** piety under Nemelex Xobeh
  1969 | D        | Noticed Harold
  1976 | D        | Noticed Grum
  1982 | D        | Received a gift from Nemelex Xobeh
  1987 | D        | Killed Grum
  2006 | D        | Killed Harold
  2115 | D        | Received a gift from Nemelex Xobeh
  2298 | D        | Noticed an orc knight
  2338 | D        | Killed an orc knight
  2338 | D        | Reached skill level 15 in Dodging
  2338 | D        | Reached skill level 18 in Unarmed Combat
  2399 | D        | Noticed an orc knight
  2439 | D        | Killed an orc knight
  2617 | D        | Reached **** piety under Nemelex Xobeh
  2618 | D        | Received a gift from Nemelex Xobeh
  2622 | D        | Noticed an orc knight
  2764 | D        | Killed an orc knight
  2783 | D        | Found Gepsith's Weapon Boutique.
  2783 | D        | Noticed an orc sorcerer
  2783 | D        | Noticed an orc sorcerer
  2784 | D        | Noticed an orc sorcerer
  2786 | D        | Found Pioxang's Book Shop.
  2788 | D        | Noticed an orc sorcerer
  2792 | D        | Killed an orc sorcerer
  2792 | D        | Reached skill level 5 in Invocations
  2792 | D        | Reached XP level 11. HP: 53/53 MP: 15/15
  2793 | D        | Found Plog's Assorted Antiques.
  2800 | D        | Killed an orc sorcerer
  2805 | D        | Killed an orc sorcerer
  2805 | D        | Reached skill level 19 in Unarmed Combat
  2807 | D        | Killed an orc sorcerer
  2809 | D        | Found Aclack's Gadget Shop.
  2887 | D        | Bought a book of Minor Magic for 220 gold pieces
  2899 | D        | Bought a book of Misfortune for 220 gold pieces
  2899 | D        | Bought a book of Power for 495 gold pieces
  2901 | D        | Bought a scroll labeled KEUKEU QOOBEMA for 22 gold pieces
  2901 | D        | Bought a scroll labeled TOSTIU NOOGIO for 22 gold pieces
  2901 | D        | Bought a scroll labeled KORORU WUGAKO for 22 gold pieces
  2925 | D        | Bought a wand of slowing for 33 gold pieces
  2998 | D        | Reached ***** piety under Nemelex Xobeh
  2998 | D        | Received a gift from Nemelex Xobeh
  3030 | D        | Received a gift from Nemelex Xobeh
  3075 | D        | Received a gift from Nemelex Xobeh
  3091 | D        | Noticed a four-headed hydra
  3109 | D        | Killed a four-headed hydra
  3112 | D        | HP: 1/53 [efreet/fireball (31)]
  3473 | D        | Learned a level 1 spell: Confusing Touch
  3476 | D        | Learned a level 2 spell: Blink
  3479 | D        | Learned a level 2 spell: Call Imp
  3482 | D        | Learned a level 2 spell: Repel Missiles
  3485 | D        | Learned a level 2 spell: Slow
  3585 | D        | Noticed a rakshasa
  3586 | D        | Noticed a shock serpent
  3587 | D        | Noticed a cyan very ugly thing
  3588 | D        | Noticed an ice dragon
  3595 | D        | a shock serpent changed into a slime creature
  3596 | D        | Noticed a frost giant
  3598 | D        | Noticed a brown very ugly thing
  3599 | D        | Killed a rakshasa
  3605 | D        | Noticed a ghost crab
  3605 | D        | a water nymph changed into a ghost crab
  3607 | D        | Killed a ghost crab
  3607 | D        | Reached skill level 20 in Unarmed Combat
  3636 | D        | Killed a cyan very ugly thing
  3841 | D        | Killed an ice dragon
  3865 | D        | Killed a frost giant
  3899 | D        | Killed a brown very ugly thing
  4178 | D        | Noticed Nergalle
  4193 | D        | Killed Nergalle
  4193 | D        | Reached skill level 15 in Stealth
  4193 | D        | Gained mutation: Your thick and shaggy fur keeps you warm. (AC +3, rC+) [Felid growth]
  4193 | D        | Reached XP level 12. HP: 58/58 MP: 17/19
  4199 | D        | Noticed Saint Roka
  4226 | D        | Reached skill level 21 in Unarmed Combat
  4230 | D        | Killed from afar by Saint Roka
  4231 | D        | Reached XP level 11. HP: -4/54 MP: 18/18
  4445 | D        | Killed Saint Roka
  4445 | D        | Reached skill level 10 in Fighting
  4738 | D        | Received a gift from Nemelex Xobeh
  4783 | D        | Received a gift from Nemelex Xobeh
  4783 | D        | Noticed a four-headed hydra
  4783 | D        | Noticed a shambling mangrove
  4785 | D        | Reached skill level 10 in Invocations
  4786 | D        | Noticed a four-headed hydra
  4913 | D        | Killed a shambling mangrove
  4958 | D        | Killed a four-headed hydra
  5070 | D        | Killed a four-headed hydra
  5075 | D        | Noticed a four-headed hydra
  5112 | D        | Killed a four-headed hydra
  5112 | D        | Reached skill level 22 in Unarmed Combat
  5136 | D        | Noticed a harpy
  5136 | D        | Noticed a merfolk javelineer
  5136 | D        | Noticed a merfolk javelineer
  5190 | D        | Killed a merfolk javelineer
  5193 | D        | Slain by a merfolk
  5194 | D        | Reached XP level 10. HP: -3/51 MP: 19/19
  5740 | D        | Noticed an orange demon
  6215 | D        | Noticed a fire dragon
  6215 | D        | a merfolk javelineer changed into a fire dragon
  6220 | D        | a fire dragon changed into a yaktaur
  6282 | D        | Killed a water nymph
  6282 | D        | Reached XP level 11. HP: 54/54 MP: 20/20
  6350 | D        | Noticed a harpy
  6359 | D        | Killed a harpy
  6361 | D        | Killed a harpy
  6526 | D        | Noticed a naga sharpshooter
  6526 | D        | Noticed a nagaraja
  6526 | D        | Noticed a naga ritualist
  6526 | D        | Noticed an anaconda
  6527 | D        | Noticed a naga sharpshooter
  6529 | D        | Noticed a nagaraja
  6531 | D        | HP: 2/55 [naga sharpshooter/arrow (21)]
  6534 | D        | an anaconda changed into a snapping turtle
  6534 | D        | a naga ritualist changed into a blink frog
  6534 | D        | Noticed a stone giant
  6534 | D        | a nagaraja changed into a stone giant
  6534 | D        | Noticed a ghost crab
  6534 | D        | a naga sharpshooter changed into a ghost crab
  6539 | D        | Noticed a naga warrior
  6542 | D        | Killed a nagaraja
  6545 | D        | Killed a ghost crab
  6547 | D        | Killed a stone giant
  6790 | D        | Killed a naga sharpshooter
  6818 | D        | Killed a naga warrior
  6904 | D        | Received a gift from Nemelex Xobeh
  6904 | D        | Noticed an entropy weaver
  6904 | D        | Noticed a wolf spider
  6904 | D        | Noticed a wolf spider
  6904 | D        | Noticed a ghost moth
  6913 | D        | Killed a ghost moth
  6913 | D        | Reached skill level 23 in Unarmed Combat
  6916 | D        | Noticed a wolf spider
  7360 | D        | Killed a wolf spider
  7360 | D        | Reached XP level 12. HP: 45/59 MP: 21/23
  7461 | D        | Reached skill level 1 in Spellcasting
  7461 | D        | Reached skill level 1 in Summonings
  7888 | D        | Slain by an entropy weaver

Skill      XL: |  1  2  3  4  5  6  7  8  9 10 11 12 |
---------------+-------------------------------------+-----
Dodging        | 5 6 7 9 10 11 12 13 15 17 | 17.1
Unarmed Combat | 5 7 8 10 12 13 14 16 18 23 21 | 23.1
Fighting       | 4 5 6 7 8 9 10 | 10.6
Stealth        | 1 2 4 5 7 9 11 17 | 17.1
Evocations     | 1 3 4 5 |  5.2
Invocations    | 2 3 5 13 | 13.3
Spellcasting   | 1 |  1.1
Summonings     | 1 |  1.6

Action                   |  1- 3 |  4- 6 |  7- 9 | 10-12 || total
-------------------------+-------+-------+-------+-------++-------
Melee: Unarmed           |    38 |     5 |    87 |   268 ||   398
       Bite              |     2 |     1 |    11 |    29 ||    43
       Punch             |       |       |     4 |    22 ||    26
 Cast: Call Imp          |       |       |       |     8 ||     8
Evoke: Wand              |     1 |     5 |       |     1 ||     7
       Deck              |     1 |     1 |     7 |    79 ||    88
  Use: Potion            |     2 |     1 |       |    13 ||    16
       Scroll            |       |       |       |     5 ||     5
 Stab: Sleeping          |       |       |     1 |     7 ||     8
       Distracted        |       |       |     1 |     4 ||     5
       Held in net/web   |       |       |       |     1 ||     1
  Eat: Chunk             |       |       |       |    10 ||    10
       Meat ration       |       |       |       |     1 ||     1
Armor: Skin              |     3 |       |     1 |     4 ||     8
Dodge: Dodged            |    36 |     4 |    71 |   236 ||   347
